 Dungeon Crawl Stone Soup version 0.26.1-2-gb8aa6d0cf2 (webtiles) character file.

Game seed: 847118395237982403

32 ew1980 the Poker (level 3, -7/28 HPs)
             Began as a Merfolk Gladiator on Feb 9, 2021.
             Was an Initiate of the Shining One.
             Engulfed by a cloud of flame (19 damage)
             ... on level 2 of the Dungeon.
             The game lasted 00:04:01 (1907 turns).

ew1980 the Poker (Merfolk Gladiator)                Turns: 1907, Time: 00:04:02

Health: -7/28      AC: 13    Str: 15    XL:     3   Next: 27%
Magic:  3/3        EV:  5    Int:  7    God:    the Shining One [......]
Gold:   107        SH:  0    Dex: 15    Spells: 2/2 levels left

rFire    . . .     SeeInvis .   a - +0 trident
rCold    . . .     Faith    .   (no shield)
rNeg     . . .     Spirit   .   b - +0 plate armour
rPois    .         Reflect  .   c - +0 helmet
rElec    .         Harm     .   p - +0 cloak
rCorr    .         Rampage  .   (no gloves)
Will     .....                  n - +0 pair of boots
Stlth    ..........             (no amulet)
HPRegen  0.09/turn              (no ring)
MPRegen  0.08/turn              (no ring)

@: glowing
A: change form in water, swift swim, stealthy swim
a: Renounce Religion


You were on level 2 of the Dungeon.
You worshipped the Shining One.
The Shining One was noncommittal.
You visited 1 branch of the dungeon, and saw 2 of its levels.

You collected 107 gold pieces.

Inventory:

Hand Weapons
 a - a +0 trident (weapon)
Missiles
 d - 3 throwing nets (quivered)
Armour
 b - a +0 plate armour (worn)
 c - a +0 helmet (worn)
 n - a +0 pair of boots (worn)
 p - a +0 cloak (worn)
 s - a scarf of shadows
Jewellery
 h - a cursed ring of teleportation {unknown}
 i - a cursed ring of attention {unknown}
 m - an uncursed ring of ice {unknown}
 q - a +6 ring of intelligence {unknown}
Scrolls
 e - 4 scrolls of magic mapping {unknown}
 j - 3 scrolls of identify {unknown}
 l - a scroll of fog {unknown}
 r - a scroll of fear {unknown}
Potions
 f - 2 potions of brilliance {unknown}
 g - a potion of mutation {unknown}
 k - 2 potions of cancellation {unknown}
 o - a potion of invisibility {unknown}


   Skills:
 + Level 2.7 Fighting
 + Level 4.9 Polearms
 - Level 2.0 Throwing
 + Level 0.8 Armour
 + Level 4.4 Dodging
 + Level 0.3 Invocations


You had 2 spell levels left.
You didn't know any spells.
Your spell library was empty.

Dungeon Overview and Level Annotations

Branches:
Dungeon (2/15)

Altars:
The Shining One


Message History

You see here 13 stones.
e - 4 scrolls labelled WEADIGG APPURPH (gained 1)
There is a stone staircase leading up here.
r - a scroll labelled BAUCKU RE VALUQO Partly explored, can't reach some places.
There is a stone staircase leading up here.
You see here an adder skeleton.
You see here a scale mail.
You see here an embroidered scarf.
s - an embroidered scarf Partly explored, can't reach some places.
You see here a scale mail.
You see here an adder skeleton.
There is a stone staircase leading up here.
Really walk into a travel-excluded area?
You are engulfed in blazing flames.
Ouch! That really hurt!
You are engulfed in blazing flames.
Ouch! That really hurt!
You die...

#...############
####
#.#............#####
#...
#..#####...#####...#
#####.## ##.# #☼§.#
###.#####......( #.#
#☼.○#
#.........###.## #.#
#☼§§#
#.#####....<..##
#.#####...#####.#
########..
#..§§○...$.§§°..#
#.#
#..☼§☼.($$.☼☼@..#
#.#
#..○§°.....§☼§.##
#.# #[#####...######
#.# ####.# #§§☼# #.#
#....# #§☼§#
##########.# #.####
#.§§# #...........
#.# #####...#
#.########.. #.#
#..##..# #.# #÷. #.#
#..##.## #.# #..


There were no monsters in sight!

Vanquished Creatures
  An adder (D:2)
  3 giant cockroaches
  5 hobgoblins
  A ball python (D:1)
  2 bats (D:1)
  6 frilled lizards (D:1)
  3 kobolds (D:1)
  2 rats
23 creatures vanquished.

Vanquished Creatures (others)
  A rat (D:2)
1 creature vanquished.

Grand Total: 24 creatures vanquished

Notes
Turn   | Place    | Note
-------+----------+-------------------------------------------
     0 | D:1      | ew1980 the Merfolk Gladiator began the quest for the Orb.
     0 | D:1      | Reached XP level 1. HP: 16/16 MP: 1/1
   262 | D:1      | Reached XP level 2. HP: 23/23 MP: 2/2
  1343 | D:2      | Found a glowing golden altar of the Shining One.
  1369 | D:2      | Became a worshipper of the Shining One
  1561 | D:2      | Reached XP level 3. HP: 21/28 MP: 3/3
  1907 | D:2      | Engulfed by a cloud of flame

Illustrated notes

Levels and vault maps discovered:
D:1:      minmay_arrival_wavy_path, layout_basic, minmay_misc_feat_room
D:2:      layout_loops_ring, lemuel_crystal_altar, lemuel_flame_loot_1

Action                   || total
-------------------------++-------
Melee: Trident           ||    80
Armor: Leather armour    ||    10
       Plate armour      ||    22
Dodge: Dodged            ||    39
